 Dungeon Sprint DCSS version 0.25-a0-516-g7d600cd9ad (webtiles) character file.

Game seed: 2607368724209344849, levelgen mode: deterministic

665 MordorOrchid the Charlatan (level 7, -18/58 HPs)
             Began as a Minotaur Venom Mage on Feb 17, 2020.
             Was a Believer of Sif Muna.
             Demolished by a two-headed ogre
             ... wielding a +0 dire flail
              (21 damage)
             ... in the Dungeon (Sprint IX: "|||||||||||||||||||||||||||||").
             The game lasted 00:07:41 (438 turns).

MordorOrchid the Charlatan (Minotaur Venom Mage)     Turns: 438, Time: 00:07:41

Health: -18/58     AC:  5    Str: 16    XL:     7   Next: 31%
Magic:  11/12      EV: 14    Int: 14    God:    Sif Muna [**....]
Gold:   0          SH:  0    Dex: 10    Spells: 1/14 levels left

rFire    . . .     SeeInvis .   y - +2 rapier (venom)
rCold    . . .     Gourm    .   (no shield)
rNeg     . . .     Faith    .   a - +0 robe
rPois    .         Spirit   .   (helmet restricted)
rElec    .         Reflect  .   (no cloak)
rCorr    .         Harm     .   q - +0 pair of gloves
MR       .....     NoTele   +   (no boots)
Stlth    ++........             (no amulet)
HPRegen  0.19/turn              r - +3 ring of strength
MPRegen  0.13/turn              s - +2 ring of protection

@: very slightly contaminated
A: retaliatory headbutt, horns 2
a: Channel Magic, Renounce Religion


You were in the Dungeon.
You worshipped Sif Muna.
Sif Muna was pleased with you.
You were not hungry.

You visited 1 branch

Inventory:

Hand Weapons
 h - a +0 shortbow of freezing
 n - the +2 halberd of Infinite Pain {antimagic, rElec}
   (You found it in the Dungeon)

   It reduces the magical energy of the wielder, and disrupts the spells and
   magical abilities of those hit.
   Natural abilities and divine invocations are not affected.
   It insulates you from electricity.
 p - the +2 scimitar "Noshruig" {freeze, Dex+4}
   (You found it in the Dungeon)

   It has been specially enchanted to freeze those struck by it, causing extra
   injury to most foes and up to half again as much damage against particularly
   susceptible opponents.
   It can also slow down cold-blooded creatures.
   It affects your dexterity (+4).
 y - a +2 rapier of venom (weapon)
Missiles
 o - 13 arrows
Armour
 a - a +0 robe (worn)
 f - a +0 ring mail
 q - a +0 pair of gloves (worn)
Magical Staves
 m - an uncursed staff of energy
Jewellery
 r - a +3 ring of strength (left hand)
 s - a +2 ring of protection (right hand)
Wands
 l - a wand of acid (7)
Scrolls
 i - 2 scrolls of blinking
 j - 3 scrolls of remove curse
 k - 2 scrolls of amnesia
Potions
 d - 5 potions of curing
 e - 3 potions of heal wounds
 g - 3 potions of magic
Comestibles
 b - 2 chunks of flesh
 c - a ration


   Skills:
 - Level 3.8 Fighting
 - Level 2.5 Short Blades
 - Level 5.1 Dodging
 - Level 1.5 Stealth
 - Level 4.1 Spellcasting
 + Level 3.9 Conjurations
 - Level 4.1 Transmutations
 - Level 2.4 Fire Magic
 + Level 3.9 Air Magic
 - Level 5.5 Poison Magic
 - Level 6.0 Evocations


You had one spell level left.
You knew the following spells:

 Your Spells              Type           Power        Failure   Level  Hunger
a - Sting                 Tmut/Pois      ###.         2%          1    None
b - Olgreb's Toxic Radia  Pois           ###.....     19%         4    ####...
d - Ignite Poison         Fire/Tmut/Pois ##......     11%         3    ###....
g - Mephitic Cloud        Conj/Pois/Air  ###.....     9%          3    ###....
p - Poisonous Vapours     Pois/Air       ###...       4%          2    ##.....

Your spell library contained the following spells:

 Spells                   Type           Power        Failure   Level  Hunger


Dungeon Overview and Level Annotations

Branches:
Dungeon (1/1)

Altars:
Cheibriados
Dithmenos
Elyvilon
Fedhas
Gozag
Hepliaklqana
Kikubaaqudgha
Makhleb
Nemelex Xobeh
Okawaru
Qazlal
Ru
Sif Muna
Trog
Uskayaw
Vehumet
Wu Jian
Xom
Yredelemnul
Zin
The Shining One
Beogh
Jiyva
Lugonu


Innate Abilities, Weirdness & Mutations

You reflexively headbutt those who attack you in melee.
You have a pair of horns on your head.


Message History

The two-headed ogre is poisoned.
The two-headed ogre hits you with a +0 dire flail!
* * * LOW HITPOINT WARNING * * *
The two-headed ogre hits you with a cursed -3 dire flail!
* * * LOW HITPOINT WARNING * * *
Items here: )) [ †† a +0 hand axe; a +0 dagger; a +0 robe; an orc corpse x2
Items here: )) [[ † a +0 glaive; a +0 chain mail; a +0 dagger; a +0 robe; an orc corpse The two-headed ogre looks more healthy.
There is an open door to the Dungeon here.
Evoke which item? (* to show all) (? for menu, Esc to quit)
Aiming: Corrosive Bolt
Press: ? - help, Shift-Dir - straight line, f/p - two-headed ogre
Aim: a two-headed ogre, wielding a +0 dire flail and a -3 dire flail (almost dead, covered in acid)
The bolt of acid misses the two-headed ogre.
The bolt of acid hits the orc warrior!
The orc warrior is splashed with acid.
The orc warrior is severely wounded.
The two-headed ogre hits you with a +0 dire flail!!
You die... ▓▓▓▓▓▓▓▓▓▓▓▓▓▓▓▓▓▓▓▓▓▓▓▓▓▓▓▓▓▓▓ ______'...)[.[..@Oo.YR☼○☼○☼○☼○+ ▓▓▓▓▓▓▓▓▓▓▓▓▓▓▓▓▓▓▓▓▓▓▓▓▓▓▓▓▓▓▓

You could see a two-headed ogre, an efreet, an orc warrior and a sky beast.

Vanquished Creatures
  A kobold demonologist (D)
  An orc warrior (D)
  An ogre (D)
  2 centaurs (D)
  A jelly (D)
  2 orc wizards (D)
  An adder (D)
  4 orcs (D)
  A giant cockroach (D)
  A goblin (D)
  A hobgoblin (D)
  A kobold (D)
  A frilled lizard (D)
18 creatures vanquished.

Notes
Turn   | Place    | Note
-------+----------+-------------------------------------------
     0 | D        | MordorOrchid the Minotaur Venom Mage began the quest for
                  | the Orb.
     0 | D        | Reached XP level 1. HP: 14/14 MP: 1/1
     7 | D        | Reached skill level 1 in Fighting
   248 | D        | Noticed an ogre
   248 | D        | Noticed a jelly
   274 | D        | Killed an ogre
   274 | D        | Reached XP level 2. HP: 27/27 MP: 0/5
   274 | D        | Reached XP level 3. HP: 33/33 MP: 0/6
   274 | D        | Reached XP level 4. HP: 40/40 MP: 0/7
   294 | D        | Reached skill level 5 in Dodging
   317 | D        | Found a roughly hewn altar of Beogh.
   317 | D        | Found a snail-covered altar of Cheibriados.
   317 | D        | Found a shadowy altar of Dithmenos.
   317 | D        | Found a white marble altar of Elyvilon.
   317 | D        | Found a blossoming altar of Fedhas.
   317 | D        | Found an opulent altar of Gozag.
   318 | D        | Found a hazy altar of Hepliaklqana.
   319 | D        | Found a viscous altar of Jiyva.
   320 | D        | Found an ancient bone altar of Kikubaaqudgha.
   321 | D        | Found a corrupted altar of Lugonu.
   322 | D        | Found a burning altar of Makhleb.
   323 | D        | Found a sparkling altar of Nemelex Xobeh.
   324 | D        | Found an iron altar of Okawaru.
   325 | D        | Found a stormy altar of Qazlal.
   326 | D        | Found a sacrificial altar of Ru.
   327 | D        | Found a shimmering blue altar of Sif Muna.
   328 | D        | Found a bloodstained altar of Trog.
   329 | D        | Found a hide-covered altar of Uskayaw.
   330 | D        | Found a radiant altar of Vehumet.
   331 | D        | Found an ornate altar of the Wu Jian Council.
   332 | D        | Found a shimmering altar of Xom.
   333 | D        | Found a basalt altar of Yredelemnul.
   334 | D        | Found a glowing silver altar of Zin.
   335 | D        | Became a worshipper of Sif Muna the Loreminder
   336 | D        | Found a glowing golden altar of the Shining One.
   354 | D        | Got the +2 halberd of Infinite Pain {antimagic, rElec}
   354 | D        | Got the +2 scimitar "Noshruig" {freeze, Dex+4}
   374 | D        | Learned a level 3 spell: Mephitic Cloud
   378 | D        | Learned a level 3 spell: Ignite Poison
   381 | D        | Learned a level 2 spell: Poisonous Vapours
   383 | D        | Noticed a centaur
   383 | D        | Noticed an orc warrior
   388 | D        | Killed a centaur
   388 | D        | Reached skill level 1 in Conjurations
   388 | D        | Reached skill level 1 in Fire Magic
   388 | D        | Reached skill level 1 in Air Magic
   388 | D        | Reached skill level 2 in Evocations
   388 | D        | Reached XP level 5. HP: 35/46 MP: 8/10
   396 | D        | Killed an orc warrior
   396 | D        | Reached * piety under Sif Muna
   396 | D        | Reached skill level 3 in Evocations
   396 | D        | Reached XP level 6. HP: 41/52 MP: 9/11
   406 | D        | Reached ** piety under Sif Muna
   414 | D        | Learned a level 4 spell: Olgreb's Toxic Radiance
   418 | D        | Noticed a kobold demonologist
   418 | D        | Noticed an orc warrior
   418 | D        | Noticed a two-headed ogre
   418 | D        | Noticed a sky beast
   418 | D        | Noticed an efreet
   428 | D        | Killed a kobold demonologist
   428 | D        | Reached skill level 5 in Poison Magic
   428 | D        | Reached skill level 4 in Evocations
   428 | D        | Reached XP level 7. HP: 34/58 MP: 12/12
   429 | D        | Reached skill level 6 in Evocations
   430 | D        | HP: 1/58 [two-headed ogre/+0 dire flail (8)]
   438 | D        | Demolished by a two-headed ogre

Levels and vault maps discovered:
D:        linesprint [early_d, line_temple, items_1, d_10, items_2, lair_1,
          lair_end, items_3, orc_1, orc_end, items_4, d_15, swamp_1, shoals_1,
          snake_1, spider_1, d_20, vaults_1, items_5, swamp_end, shoals_end,
          snake_end, spider_end, vaults_end, d_27, items_6, zot_1, zot_end,
          crypt_end, forest_end, elf_end, slime_end, tomb_end, abyss_end,
          pan_hell_end]

Skill      XL: |  1  2  3  4  5  6  7 |
---------------+----------------------+-----
Fighting       | 3 |  3.8
Spellcasting   | 3 4 |  4.1
Dodging        | 4 5 |  5.1
Short Blades   | 2 |  2.5
Transmutations | 2 3 4 |  4.1
Poison Magic   | 3 4 5 |  5.5
Conjurations   | 1 2 3 |  3.9
Fire Magic     | 1 2 |  2.4
Air Magic      | 1 2 3 |  3.9
Evocations     | 2 3 4 6 |  6.0
Stealth        | |  1.5

Action                   |  1- 3 |  4- 6 |  7- 9 || total
-------------------------+-------+-------+-------++-------
Melee: Unarmed           |    20 |       |       ||    20
       Dagger            |     5 |    17 |       ||    22
       Headbutt          |     4 |     5 |       ||     9
       Rapier            |       |    29 |       ||    29
 Cast: Sting             |     6 |       |       ||     6
       Poisonous Vapours |       |       |     1 ||     1
Evoke: Wand              |       |       |     3 ||     3
  Use: Potion            |     2 |     2 |       ||     4
 Stab: Invisible         |       |     6 |       ||     6
       Sleeping          |       |     1 |       ||     1
Armor: Robe              |     1 |    11 |       ||    12
Dodge: Dodged            |    16 |    35 |     1 ||    52

Table legend:
 A = Non-vault XP
 B = Vault XP
 C = Vault XP percentage of total XP
 D = Non-vault monster count
 E = Vault monster count
 F = Vault count percentage of total count
                 A         B        C        D         E       F
            +---------+---------+-------+---------+---------+-------
      Total |       0 |     950 | 100.0 |       0 |      18 | 100.0
            +---------+---------+-------+---------+---------+-------
          D |       0 |     950 | 100.0 |       0 |      18 | 100.0
            +---------+---------+-------+---------+---------+-------
